 Dungeon Crawl Stone Soup version 0.28.0 (webtiles) character file.

Game seed: 17468040755691228358

158 growler the Gusty (level 5, -2/28 HPs)
             Began as a Tengu Air Elementalist on Feb 11, 2022.
             Slain by Grinder (8 damage)
             ... while paralysed by Grinder
             ... on level 4 of the Dungeon.
             The game lasted 00:06:35 (3751 turns).

growler the Gusty (Tengu Air Elementalist)          Turns: 3751, Time: 00:06:35

Health: -2/28      AC:  2    Str:  8    XL:     5   Next: 40%
Magic:  0/10       EV:  2    Int: 17    God:
Gold:   147        SH:  0    Dex: 15    Spells: 0/10 levels left

rFire   . . .      SeeInvis .   (no weapon)
rCold   . . .      Faith    .   (no shield)
rNeg    . . .      Spirit   .   a - +0 robe
rPois   .          Reflect  .   (helmet restricted)
rElec   .          Harm     .   (no cloak)
rCorr   .          Rampage  .   (no gloves)
Will    .....                   (boots unavailable)
Stlth   ++........              (no amulet)
HPRegen 0.09/turn               (no ring)
MPRegen 0.12/turn               (no ring)

@: paralysed, flying quickly and evasively, quick
A: beak, talons 3, nimble flight
a: no special abilities


You were on level 4 of the Dungeon.
You visited 1 branch of the dungeon, and saw 4 of its levels.

You collected 147 gold pieces.

Inventory:

Missiles
 g - 2 throwing nets {!f}
Armour
 a - a +0 robe (worn)
 l - a +0 cloak
   (You found it on level 3 of the Dungeon)
Scrolls
 c - a scroll of amnesia {unknown}
 d - a scroll of vulnerability {unknown}
 f - 2 scrolls of identify {unknown}
Potions
 b - 3 potions of curing {unknown}
 e - a potion of haste {unknown}
 h - a potion of berserk rage {unknown}
 i - a potion of mutation {unknown}
 j - a potion of lignification {unknown}
 k - 3 potions of heal wounds {unknown}


   Skills:
 - Level 2.1 Dodging
 - Level 2.0 Stealth
 + Level 3.2 Spellcasting
 + Level 4.0 Conjurations
 + Level 5.5 Air Magic


You couldn't memorise any spells.
You knew the following spells:

 Your Spells              Type           Power      Damage    Failure   Level
a - Shock                 Conj/Air       76%        1d7       2%          1
b - Airstrike             Air            10%        N/A       17%         4
d - Static Discharge      Conj/Air       19%        N/A       3%          2
s - Swiftness             Air            21%        N/A       5%          3

Your spell library contained the following spells:

 Spells                   Type           Power      Damage    Failure   Level
 Sublimation of Blood     Necr           2%         N/A       26%         2
 Petrify                  Tmut/Erth      2%         N/A       86%         4
 Irradiate                Conj/Tmut      4%         3d15      90%         5


Dungeon Overview and Level Annotations

Branches:
Dungeon (4/15)
 Temple: D:4-7

Altars:

Annotations:
D:4 Grinder


Innate Abilities, Weirdness & Mutations

You have a beak for a mouth.
You have claws for feet.
Your magical nature lets you fly swiftly and evasively.


Message History

You fly downwards.
Level annotation: Grinder
Found a dagger.
There is a stone staircase leading up here.
The spell is extremely dangerous to miscast (17% risk of failure)!
Continue anyway?
Aim: Grinder (empty space bonus: 5/8)
The air twists around and strikes Grinder!
Grinder gestures at you.
You barely resist.
The spell is extremely dangerous to miscast (17% risk of failure)!
Continue anyway?
Aim: Grinder (moderately wounded, empty space bonus: 5/8)
The air twists around and strikes Grinder!
Grinder gestures at you.
You suddenly lose the ability to move!
Grinder gestures at you.
You shrug off the repeated paralysis!
An orc comes into view. It is wielding a +0 hand axe.
You can move again.
You fly upwards.
There is a stone staircase leading down here.
You start resting.
You fly downwards.
Level annotation: Grinder The orc closely misses you.
Grinder hits you but does no damage. The orc barely misses you.
There is a stone staircase leading up here.
The orc is struck by an arc of lightning.
Grinder is struck by an arc of lightning.
The lightning grounds out.
Grinder says, "Are you a fish?" Grinder hits you!
The orc hits you but does no damage.
The orc is struck by an arc of lightning!
You kill the orc!
The lightning grounds out.
Grinder closely misses you.
Grinder is struck by an arc of lightning.
The lightning grounds out.
Grinder grins, showing sharp teeth.
Grinder hits you.
You writhe in agony.
* * * LOW HITPOINT WARNING * * *
Grinder is struck by an arc of lightning!
You are struck by an arc of lightning.
* * * LOW HITPOINT WARNING * * *
The lightning grounds out.
Grinder hits you.
* * * LOW HITPOINT WARNING * * *
Grinder is struck by an arc of lightning!
The lightning grounds out.
Grinder gestures at you.
You suddenly lose the ability to move!
Grinder hits you!
You die...

......# ....#
.##.....#### #....
.#.........## #....
#.##...#.....#
....##......#.##.##
...#... #......<# .
#....# ###....##
....#.)5.#....#.####
.......@......#.#
.....#####....#.#
).# ###.# ..# ###


You could see Grinder.

Vanquished Creatures
  A hound (D:4)
  An orc priest (D:3)
  2 adders
  3 dart slugs
  4 orcs
  3 ball pythons
  9 endoplasms
  6 giant cockroaches
  6 goblins
  5 hobgoblins
  9 jackals
  2 kobolds
  A quokka (D:3)
  8 bats
  2 rats
62 creatures vanquished.

Notes
Turn   | Place    | Note
-------+----------+-------------------------------------------
     0 | D:1      | growler the Tengu Air Elementalist began the quest for the
                  | Orb.
     0 | D:1      | Reached XP level 1. HP: 10/10 MP: 4/4
   280 | D:1      | Reached XP level 2. HP: 15/15 MP: 1/6
   288 | D:1      | Learned a level 2 spell: Static Discharge
   839 | D:1      | Reached XP level 3. HP: 19/19 MP: 3/7
  1512 | D:2      | Learned a level 3 spell: Swiftness
  2120 | D:2      | Reached XP level 4. HP: 12/24 MP: 1/9
  2510 | D:3      | Reached skill level 5 in Air Magic
  3106 | D:3      | Gained mutation: Your magical nature lets you fly swiftly
                  | and evasively. [Tengu growth]
  3106 | D:3      | Reached XP level 5. HP: 28/28 MP: 8/10
  3111 | D:3      | Learned a level 4 spell: Airstrike
  3623 | D:4      | Noticed Grinder
  3679 | D:4      | Paralysed by Grinder for 3 turns
  3750 | D:4      | Paralysed by Grinder for 2 turns
  3751 | D:4      | Slain by Grinder

Illustrated notes

Levels and vault maps discovered:
D:1:      ebering_trefoil_twist, layout_basic
D:2:      layout_rooms
D:3:      layout_loops_ring
D:4:      layout_basic, minmay_mini_ossuary, uniq_edmund, uniq_blork_the_orc,
          uniq_grinder

Skill      XL: |  1  2  3  4  5 |
---------------+----------------+-----
Conjurations   | 2 3 4 |  4.0
Air Magic      | 5 |  5.5
Spellcasting   | 3 |  3.2
Dodging        | |  2.1
Stealth        | |  2.0

Action                   |  1- 3 |  4- 6 || total
-------------------------+-------+-------++-------
Melee: Unarmed           |     8 |     9 ||    17
       Kick              |     3 |     2 ||     5
       Peck              |     2 |     1 ||     3
       Punch             |     1 |       ||     1
 Cast: Shock             |    61 |    51 ||   112
       Static Discharge  |     9 |     7 ||    16
       Airstrike         |       |     2 ||     2
 Stab: Sleeping          |     1 |       ||     1
Armor: Robe              |     6 |     3 ||     9
Dodge: Dodged            |    12 |    20 ||    32
